 Dungeon Crawl Stone Soup version 0.23.2-1-ga50397a6bc (webtiles) character file.

Game seed: 4512035860839495755

65 Aksej the Slasher (level 3, 0/28 HPs)
             Began as a Demonspawn Gladiator on Apr 25, 2019.
             Succumbed to an adder's poison
             ... on level 2 of the Dungeon.
             The game lasted 00:03:07 (729 turns).

Aksej the Slasher (Demonspawn Gladiator)             Turns: 729, Time: 00:03:08

Health: 0/28       AC:  7    Str: 19    XL:     3   Next: 92%
Magic:  3/3        EV: 13    Int:  7    God:
Gold:   63         SH:  0    Dex: 17    Spells: 2/2 levels left

rFire    . . .     SeeInvis .   a - +0 long sword
rCold    . . .     Gourm    .   (no shield)
rNeg     . . .     Faith    .   b - +0 leather armour
rPois    .         Spirit   .   c - +0 helmet
rElec    .         Reflect  .   (no cloak)
rCorr    .         Harm     .   (no gloves)
MR       +....                  (no boots)
Stlth    +.........             (no amulet)
HPRegen  0.09/turn              (no ring)
MPRegen  0.08/turn              (no ring)

@: mighty, lethally poisoned (0 -> -3)
A: slimy green scales 2, agile 1, blink, dopey 1, magic resistance 1
a: Blink


You were on level 2 of the Dungeon.
You were not hungry.

You visited 1 branch of the dungeon, and saw 2 of its levels.

You collected 63 gold pieces.

Inventory:

Hand Weapons
 a - a +0 long sword (weapon)
Missiles
 d - 3 throwing nets (quivered)
Armour
 b - a +0 leather armour (worn)
 c - a +0 helmet (worn)
Scrolls
 e - a scroll of teleportation
 i - a scroll of blinking
 j - a scroll of identify
Comestibles
 f - 2 rations


   Skills:
 * Level 2.8 Fighting
 + Level 3.4 Long Blades
 + Level 1.8 Throwing
 + Level 0.3 Armour
 + Level 3.1 Dodging


You had 2 spell levels left.
You didn't know any spells.
Your spell library was empty.

Dungeon Overview and Level Annotations

Branches:
Dungeon (2/15)

Altars:


Innate Abilities, Weirdness & Mutations

You are mostly covered in slimy green scales. (AC +3)
You are agile. (Dex +2)
You can translocate small distances at will.
You are dopey. (Int -2)
You are resistant to hostile enchantments. (MR+)


Message History

The adder poisons you!
You slash the adder!
You kill the adder!
* * * LOW HITPOINT WARNING * * *
You feel sick.
Really quaff the potion of mutation?
You feel extremely strange.
Your magical essence is no longer linked to your wands.
You feel clever.
You feel stupid.
You feel agile.
You feel jittery.
You feel resistant to hostile enchantments.
You aren't carrying any potions.
* * * LOW HITPOINT WARNING * * *
You feel sick.
* * * LOW HITPOINT WARNING * * *
You feel sick.
* * * LOW HITPOINT WARNING * * *
You feel sick.
A goblin comes into view. It is wielding a +0 club.
The goblin shouts!
You die...

#.######.###...)...
#.# #.##.....###
###.### #.......##
#.....# ######.##
#.###.# #.# #.# .#
#.# #.###.# #+.
#.....# . ####@##
.. #..# .# .....
..###g.. ##. .###
#. # #. ##


You could see a goblin.

Vanquished Creatures
  3 adders (D:2)
  An ooze (D:1)
  A worm (D:2)
  A dart slug (D:1)
  A leopard gecko (D:1)
  A ball python (D:2)
  3 bats
  A giant cockroach (D:1)
  4 hobgoblins
  4 jackals (D:1)
  A quokka (D:2)
  A frilled lizard (D:1)
  3 kobolds
  2 rats (D:1)
27 creatures vanquished.

Notes
Turn   | Place    | Note
-------+----------+-------------------------------------------
     0 | D:1      | Aksej the Demonspawn Gladiator began the quest for the Orb.
     0 | D:1      | Reached XP level 1. HP: 16/16 MP: 1/1
   116 | D:1      | Gained mutation: You are partially covered in slimy green
                  | scales. (AC +2) [demonic ancestry]
   116 | D:1      | Reached XP level 2. HP: 15/22 MP: 2/2
   569 | D:2      | Gained mutation: You are mostly covered in slimy green
                  | scales. (AC +3) [demonic ancestry]
   569 | D:2      | Reached XP level 3. HP: 28/28 MP: 3/3
   717 | D:2      | Gained mutation: You are dopey. (Int -2) [potion of
                  | mutation]
   717 | D:2      | Gained mutation: You expend magic power (3 MP) to
                  | strengthen your wands. [potion of mutation]
   721 | D:2      | Lost mutation: You expend magic power (3 MP) to strengthen
                  | your wands. [potion of mutation]
   721 | D:2      | Lost mutation: You are dopey. (Int -2) [potion of mutation]
   721 | D:2      | Gained mutation: You are dopey. (Int -2) [potion of
                  | mutation]
   721 | D:2      | Gained mutation: You are agile. (Dex +2) [potion of
                  | mutation]
   721 | D:2      | Gained mutation: You can translocate small distances at
                  | will. [potion of mutation]
   721 | D:2      | Gained mutation: You are resistant to hostile enchantments.
                  | (MR+) [potion of mutation]
   726 | D:2      | HP: 1/28 [poisoned by an adder]
   729 | D:2      | Succumbed to an adder's poison

Skill      XL: |  1  2 |
---------------+-------+-----
Long Blades    | 3 |  3.4
Dodging        | 3 |  3.1
Fighting       | |  2.8
Throwing       | |  1.8
Armour         | |  0.3

Action                   || total
-------------------------++-------
Melee: Long sword        ||    93
  Use: Scroll            ||     7
       Potion            ||     5
 Stab: Sleeping          ||     1
Armor: Leather armour    ||    32
Dodge: Dodged            ||    75
       Rpst.: Long sword ||    22
